 Dungeon Crawl Stone Soup version 0.22-a0-785-g6253c82ace (webtiles) character file.

1523 Htamos the Chopper (level 8, -1/69 HPs)
             Began as a Minotaur Skald on July 20, 2018.
             Was an Initiate of Makhleb.
             Slain by a wight
             ... wielding a +3 dagger
              (8 damage)
             ... on level 5 of the Dungeon.
             The game lasted 00:18:33 (9756 turns).

Htamos the Chopper (Minotaur Skald)                 Turns: 9756, Time: 00:18:34

Health: -1/69      AC:  3    Str: 14 (16) XL:     8   Next: 54%
Magic:  9/10       EV: 15    Int: 12      God:    Makhleb [......]
Gold:   363        SH:  9    Dex: 13 (15) Spells: 10/11 levels left

rFire    . . .     SeeInvis .   D - +4 flail (drain)
rCold    . . .     Gourm    .   I - +2 shield {AC+3}
rNeg     . . .     Faith    .   (no armour)
rPois    .         Spirit   .   (helmet restricted)
rElec    .         Reflect  .   (no cloak)
rCorr    .         Harm     .   (no gloves)
MR       .....                  (no boots)
Stlth    ++........             (no amulet)
HPRegen  0.21/turn              (no ring)
MPRegen  0.12/turn              (no ring)

@: agile, infused, heavily drained
A: retaliatory headbutt, horns 2, mutation resistance 1
a: Renounce Religion


You were on level 5 of the Dungeon.
You worshipped Makhleb.
Makhleb was noncommittal.
You were not hungry.

You visited 2 branches of the dungeon, and saw 7 of its levels.

You collected 363 gold pieces.

Inventory:

Hand Weapons
 a - a +0 hand axe
 D - a +4 flail of draining (weapon)
Armour
 b - a +0 leather armour
 i - a +0 chain mail
 k - a +0 ring mail
 s - a cursed +0 robe
 z - a scarf of spirit shield
 E - a +4 ring mail of poison resistance
 I - a +2 shield of protection (worn)
Jewellery
 r - an uncursed ring of see invisible
 v - an uncursed ring of positive energy
 H - an uncursed ring of protection from cold
Wands
 q - a wand of digging (17)
Scrolls
 c - a scroll of immolation
 h - 4 scrolls of remove curse
 l - a scroll of magic mapping {unknown}
 o - a scroll of fear
 p - 2 scrolls of amnesia {unknown}
 t - a scroll of enchant weapon {unknown}
 u - a scroll of random uselessness {unknown}
 w - a scroll of enchant armour {unknown}
 x - 2 scrolls of teleportation {unknown}
 y - a scroll of noise {unknown}
 F - 2 scrolls of fog {unknown}
Potions
 g - a potion of agility
 j - 3 potions of brilliance
 n - 2 potions of invisibility
Comestibles
 d - 9 rations


   Skills:
 + Level 5.5(3.6) Fighting
 + Level 5.7(3.8) Axes
 + Level 5.1(3.2) Armour
 + Level 5.0(3.1) Dodging
 - Level 2.0(0.2) Spellcasting
 * Level 4.6(2.7) Charms


You had 10 spell levels left.
You knew the following spells:

 Your Spells              Type           Power        Failure   Level  Hunger
a - Infusion              Chrm           #...         58%         1    ##.....

Your spell library contained the following spells:

 Spells                   Type           Power        Failure   Level  Hunger
 Regeneration             Chrm/Necr      #.........   98%         3    ####...
 Shroud of Golubria       Chrm/Tloc      #.........   89%         2    ###....
 Song of Slaying          Chrm           #.......     75%         2    ###....
 Spectral Weapon          Hex/Chrm       #.......     98%         3    ####...


Dungeon Overview and Level Annotations

Branches:
Dungeon (6/15)             Temple (1/1) D:4

Altars:
Ashenzari
Cheibriados
Dithmenos
Elyvilon
Fedhas
Gozag
Hepliaklqana
Kikubaaqudgha
Makhleb
Nemelex Xobeh
Okawaru
Qazlal
Ru
Sif Muna
Trog
Vehumet
Wu Jian
Xom
Yredelemnul
Zin
The Shining One

Shops:
D:4 =


Innate Abilities, Weirdness & Mutations

You reflexively headbutt those who attack you in melee.
You have a pair of horns on your head.
You are somewhat resistant to further mutation.


Message History

* * * LOW HITPOINT WARNING * * *
You feel drained.
* * * LOW HITPOINT WARNING * * *
The wight hits you with an enchanted dagger.
* * * LOW HITPOINT WARNING * * *
Your shield prevents you from hitting the wight.
The wight is severely damaged.
The wight hits you but does no damage.
The wight hits you with an enchanted mace!
* * * LOW HITPOINT WARNING * * *
You feel drained.
* * * LOW HITPOINT WARNING * * *
As you read the scroll of fear, it crumbles to dust.
You assume a fearsome visage.
The wight is unaffected. x2
You block the wight's attack. x2
Unknown command.
Okay, then.
You feel agile all of a sudden.
The wight hits you with an enchanted dagger!
You die...

#########
#.......####
#.####.....#
#z####.###.#######
#@##...# #.......#
#z##.#.###.##.##.#
#.##.#.....#...#..
#.##.##.###.....##
##########
#.......# ##...##
.........#
####.#### ##.##
######...#
#.......# #.#
#(..# #..#.##.#
#.# #...#
#..#.##.# ##'##


You could see 2 wights.

Vanquished Creatures
  Edmund (D:4)
  An ice beast (D:5)
  An ogre (D:5)
  A centaur (D:5)
  2 scorpions (D:5)
  3 crimson imps (D:5)
  5 hounds
  2 jellies (D:5)
  An orc wizard (D:4)
  A centaur skeleton (D:5)
  3 orc priests
  2 bullfrog skeletons
  Jessica (D:2)
  An iguana (D:5)
  Terence (D:2)
  5 worker ants
  Robin (D:2)
  5 adders
  15 gnolls
  A howler monkey skeleton (D:5)
  3 shadow imps
  3 leopard geckos
  7 orcs
  9 giant cockroaches
  23 goblins
  8 hobgoblins
  4 jackals
  7 kobolds
  3 quokkas
  2 ball pythons
  9 bats
  5 frilled lizards
  A jackal skeleton (D:4)
  A jackal zombie (D:5)
  A quokka skeleton (D:5)
  6 rats
145 creatures vanquished.

Notes
Turn   | Place    | Note
-------+----------+-------------------------------------------
     0 | D:1      | Htamos the Minotaur Skald began the quest for the Orb.
     0 | D:1      | Reached XP level 1. HP: 18/18 MP: 1/1
   314 | D:1      | Reached XP level 2. HP: 25/25 MP: 3/3
   791 | D:2      | Reached XP level 3. HP: 30/30 MP: 1/4
   793 | D:2      | Noticed Robin
  1030 | D:2      | Killed Robin
  1481 | D:2      | Reached XP level 4. HP: 37/37 MP: 5/5
  1482 | D:2      | Noticed Terence
  1500 | D:2      | Killed Terence
  1702 | D:2      | Found a bloodstained altar of Trog.
  2078 | D:2      | Noticed Jessica
  2082 | D:2      | Killed Jessica
  2334 | D:2      | Reached XP level 5. HP: 41/45 MP: 4/6
  2566 | D:3      | Found a shimmering altar of Xom.
  2567 | D:3      | Found a blossoming altar of Fedhas.
  2568 | D:3      | Found a hazy altar of Hepliaklqana.
  2569 | D:3      | Found an iron altar of Okawaru.
  2569 | D:3      | Found a shattered altar of Ashenzari.
  2569 | D:3      | Found an ancient bone altar of Kikubaaqudgha.
  3373 | D:3      | Found a radiant altar of Vehumet.
  3549 | D:3      | Found a shadowy altar of Dithmenos.
  3710 | D:3      | Found a white marble altar of Elyvilon.
  4145 | D:4      | Found a staircase to the Ecumenical Temple.
  4185 | D:4      | Reached XP level 6. HP: 19/51 MP: 3/8
  5402 | Temple   | Entered the Ecumenical Temple
  5600 | Temple   | Became a worshipper of Makhleb the Destroyer
  5855 | D:4      | Found Rehaona's Jewellery Boutique.
  5956 | D:4      | Noticed Edmund
  5962 | D:4      | Killed Edmund
  5962 | D:4      | Reached XP level 7. HP: 59/59 MP: 9/9
  6130 | D:4      | Found a glowing silver altar of Zin.
  6361 | D:5      | Entered Level 5 of the Dungeon
  7302 | D:5      | Reached skill level 5 in Axes
  7302 | D:5      | Reached XP level 8. HP: 38/67 MP: 10/10
  7477 | D:5      | Reached skill level 5 in Fighting
  8534 | D:5      | Reached skill level 5 in Armour
  8900 | D:5      | Gained mutation: You are clumsy. (Dex -2) [potion of mutation]
  8900 | D:5      | Gained mutation: You have large cloven feet. [potion of mutation]
  8900 | D:5      | Gained mutation: You expend magic power (3 MP) to strengthen your wands. [potion of mutation]
  8901 | D:5      | Lost mutation: You have large cloven feet. [potion of mutation]
  8901 | D:5      | Lost mutation: You expend magic power (3 MP) to strengthen your wands. [potion of mutation]
  8901 | D:5      | Lost mutation: You are clumsy. (Dex -2) [potion of mutation]
  8901 | D:5      | Gained mutation: You are somewhat resistant to further mutation. [potion of mutation]
  9057 | D:5      | Reached skill level 5 in Dodging
  9116 | D:5      | HP: 1/69 [scorpion (10)]
  9756 | D:5      | Slain by a wight

Vault maps used:
D:1:      giann_wishing_wells
D:2:      trog_hazing_becter, uniq_robin, uniq_terence, uniq_jessica
D:3:      nicolae_overflow_hidden_temple, grunt_temple_overflow_open,
          old_standard_altar, lemuel_doored_altar, serial_bayou_pond_c
D:4:      zin_treasury, temple_statues, serial_shops, nicolae_shop_trees,
          uniq_edmund
D:5:      first_ration, minmay_joined_circles
Temple:   bh_familiar_temple

Skill      XL: |  1  2  3  4  5  6  7  8 |
---------------+-------------------------+-----
Armour         | 2 3 4 5 |  5.1
Axes           | 3 4 5 |  5.7
Fighting       | 3 4 5 |  5.5
Spellcasting   | 2 |  2.0
Dodging        | 3 4 5 |  5.0
Charms         | 3 4 |  4.6

Action                   |  1- 3 |  4- 6 |  7- 9 || total
-------------------------+-------+-------+-------++-------
Melee: Hand axe          |    79 |   193 |   218 ||   490
       Headbutt          |     8 |    20 |    27 ||    55
       Flail             |       |       |     3 ||     3
 Cast: Infusion          |     4 |    30 |    23 ||    57
Evoke: Wand              |       |     5 |     4 ||     9
  Use: Potion            |       |       |    14 ||    14
       Scroll            |       |       |     9 ||     9
  Eat: Chunk             |     2 |    15 |     7 ||    24
       Ration            |       |       |     2 ||     2
Armor: Leather armour    |    25 |    35 |    41 ||   101
       Skin              |       |       |     4 ||     4
Dodge: Dodged            |    75 |   162 |   129 ||   366
Block: Shield            |       |       |    63 ||    63

Table legend:
 A = Spawn XP
 B = Non-spawn XP
 C = Spawn XP percentage of total XP
 D = Spawn monster count
 E = Non-spawn monster count
 F = Spawn count percentage of total count
 G = Total turns spent on level
                    A         B        C        D         E        F      G
               +---------+---------+-------+---------+---------+-------+---------
         Total |       0 |    2176 |   0.0 |       0 |     145 |   0.0 |  9756
               +---------+---------+-------+---------+---------+-------+---------
           D:1 |       0 |      39 |   0.0 |       0 |      25 |   0.0 |  1210
           D:2 |       0 |     198 |   0.0 |       0 |      36 |   0.0 |  1643
           D:3 |       0 |     138 |   0.0 |       0 |      22 |   0.0 |  1503
           D:4 |       0 |     498 |   0.0 |       0 |      25 |   0.0 |  1787
           D:5 |       0 |    1303 |   0.0 |       0 |      37 |   0.0 |  3353
               +---------+---------+-------+---------+---------+-------+---------
